 Dungeon Crawl Stone Soup version 0.29.1-1-gd02db6906a (webtiles) character file.

Game seed: 9209234631641956836

149 H0rd4k the Insei (level 5, 0/33 HPs)
             Began as an Octopode Transmuter on Oct 17, 2022.
             Was an Initiate of Gozag.
             Slain by a goblin
             ... wielding a +0 dagger
              (2 damage)
             ... on level 3 of the Dungeon.
             The game lasted 00:02:11 (4158 turns).

H0rd4k the Insei (Octopode Transmuter)              Turns: 4158, Time: 00:02:12

Health: 0/33       AC:  1    Str: 10    XL:     5   Next: 31%
Magic:  8/8        EV: 13    Int: 17    God:    Gozag
Gold:   242        SH:  0    Dex: 12    Spells: 7/8 levels left

rFire   . . .      SeeInvis .     - Unarmed
rCold   . . .      Faith    .   (no shield)
rNeg    . . .      Spirit   .   (helmet restricted)
rPois   .          Reflect  .   (no amulet)
rElec   .          Harm     .   (no ring)
rCorr   .          Rampage  .   (no ring)
Will    .....                   (no ring)
Stlth   +++.......              (no ring)
HPRegen 0.11/turn               (no ring)
MPRegen 0.11/turn               (no ring)
                                (no ring)
                                (no ring)

@: lethally poisoned (0 -> -2), gold aura
A: almost no armour, amphibious, 8 rings, camouflage 1, gelatinous body 1,
(nimble swimmer 1), tentacles
a: Renounce Religion, Potion Petition, Call Merchant, Bribe Branch


You were on level 3 of the Dungeon.
You worshipped Gozag.
Gozag was aware of your devotion.
You visited 2 branches of the dungeon, and saw 5 of its levels.

You collected 302 gold pieces.
You paid 60 gold pieces to Gozag.

Inventory:

Magical Staves
 l - a staff of conjuration
Jewellery
 b - a ring of flight
 g - a +4 ring of evasion
Wands
 r - a wand of flame (8)
Scrolls
 c - a scroll of amnesia {unknown}
 d - a scroll of poison {unknown}
 f - 4 scrolls of identify {unknown}
 h - 3 scrolls of teleportation {unknown}
 i - 2 scrolls of noise {unknown}
 k - a scroll of fear {unknown}
 n - a scroll of blinking {unknown}
 o - a scroll of vulnerability {unknown}
 t - a scroll of acquirement {unknown}
Potions
 a - 2 potions of lignification
 e - a potion of mutation {unknown}
 j - 2 potions of heal wounds
 m - 2 potions of invisibility {unknown}
 p - 2 potions of haste {unknown}
 q - a potion of brilliance {unknown}
 s - a potion of curing


   Skills:
 + Level 1.2 Fighting
 + Level 2.4 Dodging
 + Level 3.4 Stealth
 + Level 4.6 Unarmed Combat
 + Level 2.3 Spellcasting
 + Level 2.1 Transmutations


You had 7 spell levels left.
You knew the following spells:

 Your Spells              Type           Power      Damage    Failure   Level
a - Beastly Appendage     Tmut           18%        N/A       8%          1

Your spell library contained the following spells:

 Spells                   Type           Power      Damage    Failure   Level
 Wereblood                Tmut           9%         N/A       12%         2
 Sublimation of Blood     Necr           1%         N/A       28%         2
 Spider Form              Tmut/Pois      5%         N/A       36%         3
 Frozen Ramparts          Ice            2%         1d1       50%         3
 Ice Form                 Ice/Tmut       5%         N/A       77%         4
 Summon Ice Beast         Ice/Summ       1%         N/A       88%         4
 Summon Hydra             Summ           0%         N/A       100%        7


Dungeon Overview and Level Annotations

Branches:
Dungeon (4/15)             Temple (1/1) D:4

Altars:
Dithmenos
Fedhas
Gozag
Hepliaklqana
Okawaru
Qazlal
Ru
Uskayaw
Vehumet
Wu Jian
Yredelemnul
The Shining One

Annotations:
D:4 exclusion: upstairs, Blork the orc


Innate Abilities, Weirdness & Mutations

You cannot wear most types of armour.
You are amphibious.
You can wear up to eight rings at the same time.
Your skin changes colour to match your surroundings (Stealth+).
Your rubbery body absorbs attacks. (AC +1, EV +1)
((You are camouflaged when in or above water. (Stealth+)))
You have tentacles for arms and can constrict up to eight enemies at once.


Message History

There are monsters nearby!
The goblin shouts!
The orc is no longer distracted by gold.
The adder bites you.
You are poisoned.
The adder poisons you!
There are monsters nearby!
You closely miss the adder. Your grab misses the adder.
You feel sick. The adder bites you.
There are monsters nearby!
You barely miss the adder. You grab the adder. You constrict the adder.
You feel sick. The adder closely misses you. The orc barely misses you.
There are monsters nearby!
You tentacle-slap the adder.
The adder is heavily wounded.
You constrict the adder.
You feel sick. The adder misses you. The orc closely misses you.
You release your grip on the adder.
The adder attacks as you move away! The adder bites you.
You are more poisoned.
The adder poisons you!
You feel sick. The adder barely misses you.
You tentacle-slap the adder. Your grab misses the adder.
The adder is almost dead.
You feel sick. The adder closely misses you.
You bludgeon the adder!
You kill the adder!
You feel sick.
You feel sick. The orc hits you with a +0 mace!
The goblin hits you with a +0 dagger.
* * * LOW HITPOINT WARNING * * *
You see here 9 gold pieces.
You barely miss the orc. You grab the orc. You constrict the orc.
The orc barely misses you. The goblin hits you with a +0 dagger.
* * * LOW HITPOINT WARNING * * *
You tentacle-slap the orc. You squeeze the orc.
You kill the orc!
* * * LOW HITPOINT WARNING * * *
You feel sick. The goblin hits you with a +0 dagger.
You die...
Your body crumbles into a pile of gold.

######### #.......# ###
#.....#.####
#.#############.###......#
#.....(.....#...#(#...##.#
#.#########.#.###g###.##.#####
#.# ###...#.@$..#........# #.#
#.#.###.###.###.####.#
#.#######.#.#!..# g.)#....#.#
#........>..###.###.###....#.####
#....####.....#.....#......#.....
#....'........###.###......#.....
#....####.......#.#........#.....
#....'....###...#.#..............
##...####.##..........#+##.......


You could see a goblin.

Vanquished Creatures
  Ijyb (D:3)
  5 adders
  A worm (D:2)
  2 dart slugs (D:2)
  5 orcs
  3 bats
  5 endoplasms
  10 giant cockroaches (D:3)
  6 goblins
  7 hobgoblins
  4 jackals
  2 kobolds
  A quokka (D:4)
  4 ball pythons
  3 frilled lizards
  3 rats
62 creatures vanquished.

Vanquished Creatures (others)
  3 plants (D:3)
3 creatures vanquished.

Grand Total: 65 creatures vanquished

Notes
Turn   | Place    | Note
-------+----------+-------------------------------------------
     0 | D:1      | H0rd4k the Octopode Transmuter began the quest for the Orb.
     0 | D:1      | Reached XP level 1. HP: 13/13 MP: 3/3
   304 | D:1      | Reached XP level 2. HP: 18/18 MP: 5/5
  1320 | D:2      | Reached XP level 3. HP: 12/23 MP: 6/6
  1509 | D:2      | Reached skill level 1 in Stealth
  1918 | D:2      | Reached skill level 4 in Unarmed Combat
  1918 | D:2      | Reached XP level 4. HP: 20/28 MP: 5/7
  2123 | D:2      | You fall into a shaft and drop 1 floor!
  2132 | D:3      | Noticed Ijyb
  2411 | D:4      | Found a staircase to the Ecumenical Temple.
  2462 | D:4      | Noticed Blork the orc
  2490 | Temple   | Entered the Ecumenical Temple
  2510 | Temple   | Became a worshipper of Gozag Ym Sagoz the Greedy
  3163 | D:4      | Found a basalt altar of Yredelemnul.
  3794 | D:3      | Found a blossoming altar of Fedhas.
  3867 | D:3      | Killed Ijyb
  3868 | D:3      | Reached XP level 5. HP: 11/33 MP: 6/8
  4158 | D:3      | Slain by a goblin

Illustrated notes

Levels and vault maps discovered:
D:1:      wheals_arrival_linesprint, layout_basic
D:2:      layout_basic, shapermc_ecumenical_altar_totnotflames, st_stairs_5,
          kennysheep_cross_room, nicolae_eternal_life,
          ebering_dispersal_statue_hall, minmay_misc_feat_rows,
          kennysheep_potato
D:3:      minmay_roachtagon, layout_basic, fedhas_ov_isle_minmay,
          hangedman_feature_mirror, minmay_quantized, uniq_ijyb
D:4:      layout_loops_ring, lemuel_crystal_altar, temple_doors_cd,
          hangedman_decor_push, uniq_blork_the_orc
Temple:   compressed_dpeg_triangle_lava_temple

Skill      XL: |  1  2  3  4 |
---------------+-------------+-----
Stealth        | 2 3 |  3.4
Unarmed Combat | 4 |  4.6
Fighting       | |  1.2
Dodging        | |  2.4
Spellcasting   | |  2.3
Transmutations | |  2.1

Action                   |  1- 3 |  4- 6 || total
-------------------------+-------+-------++-------
Melee: Unarmed           |    76 |    98 ||   174
       Constrict         |    18 |    22 ||    40
       Tentacles         |    13 |    18 ||    31
       Punch             |     2 |     2 ||     4
       Kick              |     2 |     9 ||    11
 Cast: Beastly Appendage |     1 |     2 ||     3
 Stab: Sleeping          |     6 |     6 ||    12
       Distracted        |       |     1 ||     1
Armor: Skin              |     7 |     2 ||     9
Dodge: Dodged            |    41 |    59 ||   100
